 Dungeon Crawl Stone Soup version 0.26.0-8-g74fc34ddfb (webtiles) character file.

Game seed: 5917570739052779795

64531 Froggeryz the Impaler (level 15, 0/100 HPs)
             Began as a Tengu Abyssal Knight on Jan 12, 2021.
             Was the Champion of Lugonu.
             Hit by a large rock thrown by a stone giant (40 damage)
             ... on level 2 of the Orcish Mines.
             The game lasted 00:36:44 (20603 turns).

Froggeryz the Impaler (Tengu Abyssal Knight)       Turns: 20603, Time: 00:36:45

Health: 0/100      AC: 21    Str: 19    XL:     15   Next: 13%
Magic:  18/18      EV: 29    Int: 13    God:    Lugonu [******]
Gold:   2884       SH:  5    Dex: 16    Spells: 14/14 levels left

rFire    . . .     SeeInvis +   m - +2 spear (flame)
rCold    + . .     Faith    .   T - +0 buckler {rC+}
rNeg     . . .     Spirit   .   y - +4 ring mail of the Candlemaker {Str+3}
rPois    .         Reflect  .   S - +2 hat {SInv}
rElec    .         Harm     .   p - +1 cloak {Will+}
rCorr    .         Rampage  .   x - +0 pair of gloves
Will     ++...                  (boots unavailable)
Stlth    +.........             N - amulet of regeneration
HPRegen  0.66/turn              b - +4 ring of protection
MPRegen  0.16/turn              n - +4 ring of evasion

@: flying quickly and evasively, quick
A: beak, talons 3, able to fly
a: Stop Flying, Renounce Religion, Depart the Abyss, Bend Space, Banish,
Corrupt, Enter the Abyss, Brand Weapon With Distortion


You were on level 2 of the Orcish Mines.
You worshipped Lugonu.
Lugonu was exalted by your worship.
You visited 3 branches of the dungeon, and saw 18 of its levels.
You visited the Abyss 1 time.
You also visited: Sewer, Ossuary and Ice Cave.

You collected 2884 gold pieces.

Inventory:

Hand Weapons
 m - a +2 spear of flaming (weapon)
 G - a cursed +3 trident
 U - the +5 demon whip "Spellbinder" {antimagic, Will+}
   (You found it in an ice cave)

   It reduces the magical energy of the wielder, and disrupts the spells and
   magical abilities of those hit.
   Natural abilities and divine invocations are not affected.
   It affects your willpower, your defense against some magical effects.
Missiles
 g - 64 poisoned darts (quivered)
 Y - 9 curare-tipped darts
Armour
 p - a +1 cloak of willpower (worn)
 x - a +0 pair of gloves (worn)
 y - the +4 ring mail of the Candlemaker (worn) {Str+3}
   (You found it on level 6 of the Dungeon)

   It affects your strength (+3).
 H - a +0 kite shield
 S - a +2 hat of see invisible (worn)
 T - a +0 buckler of cold resistance (worn)
Jewellery
 b - a +4 ring of protection (left hand)
 n - a +4 ring of evasion (right hand)
 o - the ring "Coxkew" {rElec rF+ rC- Str+9}
   (You found it in an ice cave)

   [ring of protection from fire]

   It affects your strength (+9).
   It protects you from fire.
   It makes you vulnerable to cold.
   It insulates you from electricity.
 z - an uncursed ring of protection from fire
 F - an uncursed ring of positive energy
 K - an uncursed ring of resist corrosion
 N - an amulet of regeneration (around neck)
 R - an uncursed ring of willpower
Wands
 c - a wand of random effects (50)
 j - a wand of flame (42)
 J - a wand of iceblast (3)
 L - a wand of polymorph (5)
 Q - a wand of disintegration (4)
Scrolls
 d - a scroll of fear
 e - 2 scrolls of vulnerability {unknown}
 i - 5 scrolls of enchant armour
 k - a scroll of summoning
 q - 9 scrolls of teleportation
 s - 5 scrolls of magic mapping
 t - a scroll of enchant weapon
 C - a scroll of immolation
 D - 4 scrolls of remove curse
 I - a scroll of silence {unknown}
 O - 3 scrolls of fog
 P - a scroll of brand weapon {unknown}
 W - a scroll of identify
Potions
 a - a potion of resistance
 f - 5 potions of curing
 l - 2 potions of might
 r - 3 potions of mutation {unknown}
 u - 6 potions of heal wounds
 w - 2 potions of berserk rage {unknown}
 A - 2 potions of ambrosia
 B - 3 potions of haste


   Skills:
 + Level 13.7 Fighting
 - Level 15.0 Polearms
 + Level 10.0 Armour
 * Level 14.7 Dodging
 - Level 5.2 Shields
 + Level 3.5 Invocations


You had 14 spell levels left.
You didn't know any spells.
Your spell library contained the following spells:

 Spells                   Type           Power        Failure   Level
 Animate Skeleton         Necr           0%           43%         1
 Apportation              Tloc           0%           43%         1
 Corona                   Hex            0%           43%         1
 Foxfire                  Conj/Fire      0%           43%         1
 Magic Dart               Conj           0%           43%         1
 Summon Small Mammal      Summ           0%           43%         1
 Blink                    Tloc           N/A          58%         2
 Call Imp                 Summ           0%           58%         2
 Slow                     Hex            0%           58%         2
 Conjure Flame            Conj/Fire      0%           82%         3
 Dazzling Flash           Conj/Hex       0%           82%         3
 Ignite Poison            Fire/Tmut/Pois 0%           82%         3
 Inner Flame              Hex/Fire       0%           82%         3
 Mephitic Cloud           Conj/Pois/Air  0%           82%         3
 Cause Fear               Hex            0%           99%         4
 Sticky Flame             Conj/Fire      0%           99%         4
 Fireball                 Conj/Fire      0%           100%        5
 Iskenderun's Battlesphe  Conj           0%           100%        5
 Lee's Rapid Deconstruct  Erth           0%           100%        5
 Silence                  Hex/Air        0%           100%        5
 Yara's Violent Unravell  Hex/Tmut       0%           100%        5
 Starburst                Conj/Fire      0%           100%        6
 Orb of Destruction       Conj           0%           100%        7
 Discord                  Hex            0%           100%        8
 Ignition                 Fire           0%           100%        8


Dungeon Overview and Level Annotations

Branches:
Dungeon (10/15)            Temple (0/1) D:5            Lair (6/6) D:10
  Swamp (0/4) Lair:4       Spider (0/4) Lair:4        Slime (0/5) Lair:6
    Orc (2/2) D:10            Elf (0/3) Orc:2         Sewer (visited)
Ossuary (visited)           IceCv (visited)

Altars:
Ashenzari
Dithmenos
Fedhas
Hepliaklqana
Kikubaaqudgha
Makhleb
Xom
Yredelemnul
Zin
Jiyva

Shops:
D:6 :   Orc:2 (*

Annotations:
Lair:3 3 runed translucent doors, OneTabMan's ghost, journeyman GnWn
Lair:5 2 transporters, Darubir's ghost, journeyman CeAM
Lair:6 1 runed translucent door, exclusion: oklob plant


Innate Abilities, Weirdness & Mutations

You have a beak for a mouth.
You have claws for feet.
You can fly continuously.


Message History

You are too injured to fight recklessly!
You feel better.
You are covered in liquid flames!
A nearby fungus withers and dies.
You are no longer corroded.
There is an entrance to Cuat's General Store here.
Your troll completely misses the fungus.
Your troll claws the fungus!
The fungus begins to die.
Your troll claws the fungus.
Something bites the fungus.
Something claws the fungus.
Something claws the fungus!
Found 24 gold pieces.
Unknown command.
Unknown command.
Your orc warrior hits the fungus with a +0 scimitar.
The fungus begins to die.
A stone giant comes into view.
The stone giant shouts!
The stone giant throws a large rock.
The large rock hits you!!!
You die...

,,,...............∩....P.........
,,,.P....#.....P.................
,,,....P.....................#...
*,,...##.#.#.#....T.....#...#....
*******#######..Po.....##*,,,,,,*
**********###o....###*,,,,,,,*
**,,**,.##,*##.....##*,,,,,,,,,
*,,,,,,.C...#.o.....#*,,,,*,,,,
**,,,,,,,,,,#..@....##*,,,*,,,,,
**,,,,,,,*,,*#..##....#**,*,,,,,,
*,,,,,,,,*,.....*.##....#,**,,,,,
,,,,,,,,**#....$,.,*#....,,***,**
,,,,,,,,*,##.#..,.***##.#,** ****
*,,,,,,,,,......,** ***##**
,,,,,,,,,..#....,****,**
,,,,,,,,,..,....,,*,,,,*
,,,,,,,,,,,,,,,,,,,,,,*** *


You could see a stone giant, a friendly troll (summoned), a friendly orc warrior
(summoned) and 2 friendly orc wizards.

Vanquished Creatures
  An orc warlord (D:10)
  A fire dragon (D:10)
  2 boulder beetles (Lair:5)
  7 hydras
  Erica (D:9)
  2 two-headed ogres (D:10)
  4 death yaks (Lair:3)
  2 orc high priests (Orc:2)
  Sonja (Lair:5)
  Nergalle (D:9)
  A lindwurm (Lair:6)
  4 orc sorcerers
  2 orc knights
  A cyclops (D:10)
  26 elephants
  4 black mambas
  2 ice statues (IceCv)
  Maurice (D:9)
  Psyche (D:8)
  2 rime drakes
  30 cane toads
  7 komodo dragons
  7 ice devils (IceCv)
  4 tyrant leeches
  2 polar bears (Lair:6)
  2 trolls
  11 blink frogs
  Grinder (D:3)
  A redback (Lair:4)
  Sigmund (D:2)
  A wraith (D:10)
  30 yaks
  Eustachio (D:6)
  4 wyverns
  A fire elemental (Lair:6)
  Grum (D:9)
  11 vampire mosquitoes
  3 wargs
  Edmund (D:4)
  13 water moccasins
  10 orc warriors
  3 phantoms
  14 ice beasts
  13 ogres
  A black bear (D:10)
  2 sky beasts
  12 wolves
  A necrophage (D:6)
  6 centaurs
  A big kobold (Sewer)
  Blork the orc (D:4)
  25 bullfrogs
  2 wyvern zombies (D:10)
  2 scorpions
  4 killer bees (D:9)
  7 wights (D:7)
  9 electric eels
  2 howler monkeys
  3 quasits
  9 hounds
  3 centaur zombies
  Crazy Yiuf (D:3)
  A bullfrog skeleton (D:8)
  5 orc priests
  8 orc wizards
  Jessica (D:2)
  6 hell rats
  11 worker ants
  Natasha (thrice) (D:3)
  3 iguanas
  8 big kobold zombies (Ossuary)
  2 mummies (Ossuary)
  3 worker ant zombies (D:5)
  3 gnolls (D:2)
  11 adders
  A river rat (Sewer)
  A shadow imp (D:5)
  10 white imps
  7 ufetubi
  4 oozes
  2 adder skeletons
  4 worms
  A dart slug (D:2)
  7 leopard geckos
  49 orcs
  4 bats
  8 giant cockroaches
  2 gnoll zombies (Ossuary)
  6 goblins
  8 hobgoblins
  9 jackals (D:6)
  5 quokkas
  6 ball pythons
  4 frilled lizards
  A giant cockroach zombie (D:5)
  2 goblin zombies (Ossuary)
  18 kobolds
  A leopard gecko skeleton (D:7)
  2 orc zombies (Ossuary)
  A quokka zombie (D:6)
  10 rats
  2 rat zombies (D:5)
569 creatures vanquished.

Vanquished Creatures (others)
  A reaper (IceCv)
  A human (D:8)
  4 white imps (IceCv)
  3 ufetubi (IceCv)
  A bush (Lair:6)
  44 fungi
  94 plants
148 creatures vanquished.

Grand Total: 717 creatures vanquished

Notes
Turn   | Place    | Note
-------+----------+-------------------------------------------
     0 | Abyss:1  | Froggeryz the Tengu Abyssal Knight began the quest for the
                  | Orb.
     0 | Abyss:1  | Reached XP level 1. HP: 14/14 MP: 3/3
    65 | Abyss:1  | Noticed a small abomination
    65 | Abyss:1  | Noticed a large abomination
    66 | D:1      | Escaped the Abyss
   211 | D:1      | Reached * piety under Lugonu
   267 | D:1      | Reached XP level 2. HP: 18/19 MP: 4/4
   300 | D:1      | Reached skill level 3 in Polearms
   702 | D:2      | Noticed Jessica
   706 | D:2      | Killed Jessica
   707 | D:2      | Reached skill level 4 in Polearms
   707 | D:2      | Reached XP level 3. HP: 23/23 MP: 5/5
   813 | D:2      | Reached XP level 4. HP: 28/28 MP: 6/6
   821 | D:2      | Found a burning altar of Makhleb.
   862 | D:2      | Noticed Sigmund
   882 | D:2      | Killed Sigmund
   883 | D:2      | Reached skill level 6 in Polearms
   883 | D:2      | Gained mutation: You can fly continuously. [Tengu growth]
   883 | D:2      | Reached XP level 5. HP: 19/32 MP: 7/7
   883 | D:2      | Reached XP level 6. HP: 22/37 MP: 8/8
  1301 | D:2      | Reached skill level 7 in Polearms
  1332 | D:2      | Reached ** piety under Lugonu
  1477 | D:3      | Reached skill level 1 in Shields
  1487 | D:3      | Noticed Grinder
  1522 | D:3      | Killed Grinder
  1523 | D:3      | Reached XP level 7. HP: 27/41 MP: 9/9
  1994 | D:3      | Found a hazy altar of Hepliaklqana.
  2020 | D:3      | Noticed Natasha
  2027 | D:3      | Killed Natasha
  2085 | D:3      | Found a runed translucent door.
  2086 | D:3      | Noticed Crazy Yiuf
  2094 | D:3      | Killed Crazy Yiuf
  2234 | D:3      | Noticed Natasha
  2246 | D:3      | Killed Natasha
  2256 | D:3      | Noticed Natasha
  2265 | D:3      | Killed Natasha
  2318 | D:4      | Found a glowing silver altar of Zin.
  2332 | D:4      | Noticed Blork the orc
  2338 | D:4      | Killed Blork the orc
  2495 | D:4      | Found a blossoming altar of Fedhas.
  2572 | D:4      | Reached skill level 8 in Polearms
  2580 | D:4      | Reached XP level 8. HP: 46/46 MP: 10/10
  2592 | D:4      | Reached skill level 5 in Shields
  2650 | D:4      | Found a glowing drain.
  2657 | Sewer    | Entered a sewer
  2721 | Sewer    | Reached *** piety under Lugonu
  3339 | D:4      | Noticed Edmund
  3361 | D:4      | Killed Edmund
  3528 | D:5      | Entered Level 5 of the Dungeon
  3570 | D:5      | Reached skill level 9 in Polearms
  3841 | D:5      | Found a shadowy altar of Dithmenos.
  3951 | D:5      | Found a staircase to the Ecumenical Temple.
  3975 | D:5      | Found a sand-covered staircase.
  3982 | Ossuary  | Entered an ossuary
  4006 | Ossuary  | Reached **** piety under Lugonu
  4007 | Ossuary  | Reached XP level 9. HP: 31/50 MP: 11/11
  4021 | Ossuary  | Reached skill level 5 in Dodging
  4611 | D:6      | Reached skill level 10 in Polearms
  4650 | D:6      | Noticed Eustachio
  4651 | D:6      | Got a jewelled ring mail
  4674 | D:5      | Identified the +4 ring mail of the Candlemaker {Str+3} (You
                  | found it on level 6 of the Dungeon)
  4726 | D:6      | Killed Eustachio
  5023 | D:6      | Found Haliog's Book Emporium.
  5129 | D:6      | Found a broken altar of Ashenzari.
  5280 | D:6      | Found a basalt altar of Yredelemnul.
  5507 | D:7      | Reached skill level 11 in Polearms
  6126 | D:7      | Reached ***** piety under Lugonu
  6127 | D:7      | Reached XP level 10. HP: 58/58 MP: 12/12
  6439 | D:8      | Reached skill level 5 in Fighting
  6710 | D:8      | Noticed Psyche
  6722 | D:8      | Killed Psyche
  6928 | D:8      | Reached skill level 12 in Polearms
  7066 | D:8      | Found an ancient bone altar of Kikubaaqudgha.
  7246 | D:9      | Noticed Maurice
  7260 | D:9      | Killed Maurice
  7399 | D:9      | Noticed Erica
  7414 | D:9      | Killed Erica
  7566 | D:9      | Noticed Grum
  7617 | D:9      | Killed Grum
  7735 | D:9      | Found a shimmering altar of Xom.
  7735 | D:9      | Found a shimmering altar of Xom.
  7737 | D:9      | Found a shimmering altar of Xom.
  7737 | D:9      | Found a shimmering altar of Xom.
  7923 | D:9      | Found a shimmering altar of Xom.
  8069 | D:10     | Entered Level 10 of the Dungeon
  8072 | D:10     | Noticed Nergalle
  8089 | D:9      | Reached XP level 11. HP: 68/68 MP: 13/13
  8120 | D:9      | Killed Nergalle
  8121 | D:9      | Reached skill level 13 in Polearms
  8131 | D:10     | Found a staircase to the Orcish Mines.
  8179 | D:10     | Noticed a two-headed ogre
  8217 | D:10     | Killed a two-headed ogre
  8374 | D:10     | Found a staircase to the Lair.
  8596 | D:10     | Noticed a two-headed ogre
  8607 | D:10     | Killed a two-headed ogre
  9404 | D:10     | Noticed a cyclops
  9421 | D:10     | Killed a cyclops
  9463 | D:10     | Reached skill level 14 in Polearms
  9471 | D:10     | Noticed a fire dragon
  9607 | D:10     | Killed a fire dragon
 10051 | Lair:1   | Entered Level 1 of the Lair of Beasts
 10087 | Lair:1   | Reached skill level 10 in Fighting
 10523 | Lair:1   | Noticed a six-headed hydra
 10531 | Lair:1   | Killed a six-headed hydra
 10532 | Lair:1   | Reached XP level 12. HP: 46/78 MP: 14/14
 11028 | Lair:1   | Noticed a seven-headed hydra
 11041 | Lair:1   | Killed a seven-headed hydra
 11337 | Lair:2   | Found a frozen archway.
 11394 | IceCv    | Entered an ice cave
 11449 | IceCv    | Reached ****** piety under Lugonu
 11683 | IceCv    | Killed a reaper
 12143 | IceCv    | Reached skill level 15 in Polearms
 12908 | IceCv    | Found the +5 demon whip "Spellbinder" {antimagic, Will+}
 12912 | IceCv    | Got a crude bone ring
 13225 | Lair:2   | Identified the ring "Coxkew" {rElec rF+ rC- Str+9} (You
                  | found it in an ice cave)
 14258 | Lair:3   | Found a runed translucent gate.
 14258 | Lair:3   | Found a runed translucent gate.
 14258 | Lair:3   | Found a runed translucent gate.
 14258 | Lair:3   | Noticed OneTabMan's ghost (journeyman GnWn)
 14258 | Lair:3   | Noticed a death ooze
 14674 | Lair:3   | Found a viscous altar of Jiyva.
 14944 | Lair:4   | Found a staircase to the Swamp.
 14951 | Lair:4   | Reached skill level 5 in Armour
 15064 | Lair:4   | Reached XP level 13. HP: 79/85 MP: 15/15
 15151 | Lair:4   | Reached skill level 10 in Dodging
 15462 | Lair:4   | Found a hole to the Spider Nest.
 15912 | Lair:5   | Noticed Sonja
 15916 | Lair:5   | Killed Sonja
 16006 | Lair:5   | Noticed Darubir's ghost (journeyman CeAM)
 16014 | Lair:5   | Found a transporter.
 16015 | Lair:5   | Noticed a dire elephant
 16096 | Lair:5   | Identified a scroll of acquirement
 16096 | Lair:5   | Acquired 1231 gold pieces
 16505 | Lair:5   | Found a transporter.
 17008 | Lair:6   | Entered Level 6 of the Lair of Beasts
 17490 | Lair:5   | Reached XP level 14. HP: 84/92 MP: 16/16
 18258 | Lair:6   | Found a runed translucent door.
 18259 | Lair:6   | Found a viscous altar of Jiyva.
 18259 | Lair:6   | Found a staircase to the Slime Pits.
 19236 | Lair:6   | Identified the Grimoire of Earthen Combat Magic
 19750 | Orc:1    | Entered Level 1 of the Orcish Mines
 20091 | Orc:2    | Entered Level 2 of the Orcish Mines
 20091 | Orc:2    | Found Cuat's General Store.
 20096 | Orc:2    | Noticed an orc warlord
 20326 | D:10     | Killed an orc warlord
 20327 | D:10     | Reached XP level 15. HP: 92/99 MP: 18/18
 20526 | Orc:1    | Reached skill level 10 in Armour
 20545 | Orc:2    | Found Wirisuz's Antique Weapon Emporium.
 20603 | Orc:2    | Hit by a large rock thrown by a stone giant

Illustrated notes

Levels and vault maps discovered:
D:1:      saegor_arrival_simple_e, layout_basic
D:2:      layout_basic, lemuel_round_altar, nicolae_overflow_hidden_temple,
          amethyst_overflow_temple_binary, uniq_sigmund, uniq_jessica
D:3:      layout_rooms, nzn_hepliaklqana_mist_gate, uniq_grinder, uniq_natasha,
          uniq_crazy_yiuf_cottage
D:4:      layout_loops_cross, lemuel_crystal_altar, gup_sewer_entry_bubbles,
          fedhas_altar_4, uniq_blork_the_orc, uniq_edmund
D:5:      layout_rooms, grunt_dithmenos_smoke,
          minmay_temple_entry_statues_fountains, enter_ossuary_4,
          minmay_chambers_of_fives
D:6:      layout_cave_pools, evilmike_ruin_ashenzari, kennysheep_mini_moat,
          serial_shops, nicolae_shop_trees, uniq_eustachio
D:7:      layout_basic
D:8:      layout_loops_ring, tgw_kikubaaqudgha, uniq_psyche
D:9:      layout_loops_ring, xom_shifter_show, uniq_grum, uniq_maurice,
          uniq_erica
D:10:     layout_cave_pools, erik_lair_island, orc_0_dummy, special_room
          [special_room_orc], serial_column_ruins, column_ruins_hut,
          column_ruins_open_tiny, column_ruins_columns_corner,
          column_ruins_grid_3, column_ruins_grid_4, column_ruins_grid_1,
          evilmike_minifort, uniq_nergalle
Lair:1:   layout_loops_ring, infiniplex_staircase_pool_2
Lair:2:   layout_regular_city, portal_ice_cave_entry_ice_beasts
Lair:3:   layout_loops_ring, gammafunk_ghost_ooze, st_stairs_8
Lair:4:   layout_hall_layers, minmay_swamp_entry_swarm, spider_nest_entry_webs,
          grunt_megastairs_3, serial_bayou_shore_a
Lair:5:   layout_regular_city, gammafunk_ghost_arena, uniq_sonja
Lair:6:   minmay_lair_end_frog_pond, layout_gridlike, slime_altar_2,
          minmay_lair_oklob_chamber, grunt_megastairs_5
Orc:1:    layout_caves, uniq_jorgrun
Orc:2:    grunt_orc_gardens, layout_caves, grunt_orc_garden, grunt_orc_garden,
          grunt_orc_garden, grunt_orc_garden, serial_shops, bzr_in_the_mist

Skill      XL: |  1  2  3  4  5  6  7  8  9 10 11 12 13 14 15 |
---------------+----------------------------------------------+-----
Polearms       | 4 6 7 8 9 11 12 14 15 | 15.0
Shields        | 3 4 5 |  5.2
Dodging        | 4 7 9 12 14 | 14.7
Fighting       | 4 7 10 11 12 13 | 13.7
Armour         | 5 7 9 10 | 10.0
Invocations    | 3 |  3.5

Action                   |  1- 3 |  4- 6 |  7- 9 | 10-12 | 13-15 || total
-------------------------+-------+-------+-------+-------+-------++-------
Melee: Spear             |    77 |    84 |   721 |  1209 |  1457 ||  3548
       Kick              |    10 |    11 |   165 |   383 |   642 ||  1211
       Peck              |     6 |     7 |   125 |   250 |   414 ||   802
Throw: Dart              |       |       |     8 |     8 |       ||    16
Invok: Depart the Abyss  |     1 |       |       |       |       ||     1
       Banish            |       |       |       |     1 |       ||     1
       Bend Space        |       |       |       |       |     1 ||     1
 Abil: Fly               |       |     1 |       |       |       ||     1
Evoke: Wand              |       |       |       |     4 |    20 ||    24
  Use: Scroll            |       |     7 |     2 |    14 |     9 ||    32
       Potion            |       |       |       |     7 |     3 ||    10
 Stab: Confused          |       |       |       |     2 |       ||     2
       Paralysed         |       |       |       |       |     9 ||     9
       Distracted        |       |       |       |       |     1 ||     1
Armor: Ring mail         |    24 |    11 |    31 |   126 |   176 ||   368
       Leather armour    |     2 |       |       |       |       ||     2
       Scale mail        |       |       |    39 |       |       ||    39
Dodge: Dodged            |    24 |    21 |   275 |   497 |   989 ||  1806
Block: Buckler           |       |     4 |    92 |   146 |   228 ||   470
